 Dungeon Crawl Stone Soup version 0.27-a0-1278-g6cbc8dfb29 (webtiles) character file.

Game seed: 6733529926761846947

8165 tilp the Summoner (level 11, -2/85 HPs)
             Began as a Barachi Summoner on June 11, 2021.
             Was a High Priest of Okawaru.
             Slain by a phantasmal warrior (24 damage)
             ... led by a death knight
             ... on level 11 of the Dungeon on June 12, 2021.
             The game lasted 00:32:11 (18811 turns).

tilp the Summoner (Barachi Summoner)               Turns: 18811, Time: 00:32:12

Health: -2/85      AC: 13    Str: 14    XL:     11   Next: 26%
Magic:  20/20      EV: 14    Int: 16    God:    Okawaru [*****.]
Gold:   799        SH:  5    Dex: 18    Spells: 5/22 levels left

rFire    + . .     SeeInvis .   b - +3 flail (holy)
rCold    . . .     Faith    .   y - +0 buckler
rNeg     . . .     Spirit   .   N - +2 steam dragon scales
rPois    +         Reflect  .   i - +1 helmet
rElec    .         Harm     .   (no cloak)
rCorr    .         Rampage  .   J - +3 pair of gloves of the Well-Known Ears {rPois rF+ Str-5 Dex+6}
Will     .....                  (no boots)
Stlth    +++.......             (no amulet)
HPRegen  0.24/turn              f - +6 ring of strength
MPRegen  0.17/turn              u - ring of flight

@: weak-willed, flying, slow
A: amphibious, slowness 1, strong legs 1, +LOS
a: Hop, Renounce Religion, Heroism, Finesse


You were on level 11 of the Dungeon.
You worshipped Okawaru.
Okawaru was extremely pleased with you.
You visited 1 branch of the dungeon, and saw 11 of its levels.
You also visited: Ossuary and Bailey.

You collected 911 gold pieces.
You spent 112 gold pieces at shops.

Inventory:

Hand Weapons
 a - a +2 whip of electrocution
 b - a +3 flail of holy wrath (weapon)
 I - a +2 vorpal flail
Missiles
 n - 45 poisoned darts
 p - 3 atropa-tipped darts
 G - 14 boomerangs of dispersal
 L - 7 datura-tipped darts
Armour
 i - a +1 helmet (worn)
 o - a +2 ring mail of cold resistance
 y - a +0 buckler (worn)
 J - the +3 pair of gloves of the Well-Known Ears (worn) {rPois rF+ Str-5 Dex+6}
   (Okawaru gifted it to you on level 11 of the Dungeon)

   It affects your strength (-5).
   It affects your dexterity (+6).
   It protects you from fire.
   It protects you from poison.
 N - +2 steam dragon scales (worn)
Jewellery
 f - a +6 ring of strength (left hand)
 q - a ring of fire
 u - a ring of flight (right hand)
 z - a +6 ring of strength
Wands
 m - a wand of charming (7)
 B - a wand of polymorph (16)
 C - a wand of iceblast (4)
 D - a wand of acid (8)
Scrolls
 d - a scroll of fear
 k - 4 scrolls of teleportation
 l - 2 scrolls of blinking
 t - 2 scrolls of amnesia
 w - 4 scrolls of fog
 M - a scroll of vulnerability {unknown}
Potions
 c - 5 potions of lignification
 e - 3 potions of invisibility
 g - 4 potions of attraction
 h - 2 potions of berserk rage
 j - 2 potions of degeneration {unknown}
 r - 2 potions of mutation
 s - 2 potions of brilliance
 v - 3 potions of ambrosia
 x - 2 potions of cancellation {unknown}
 A - a potion of haste
 E - a potion of resistance {unknown}
 F - 4 potions of curing
 H - a potion of heal wounds
 K - a potion of might {unknown}


   Skills:
 + Level 7.7 Fighting
 + Level 6.0 Maces & Flails
 - Level 4.0 Dodging
 - Level 4.0 Stealth
 - Level 4.0 Shields
 - Level 6.0 Spellcasting
 - Level 12.0 Summonings
 - Level 4.0 Ice Magic
 - Level 4.0 Air Magic
 - Level 4.0 Invocations
 - Level 4.0 Evocations


You had 5 spell levels left.
You knew the following spells:

 Your Spells              Type           Power      Damage    Failure   Level
a - Summon Small Mammal   Summ           100%       N/A       1%          1
b - Call Imp              Summ           43%        N/A       1%          2
c - Call Canine Familiar  Summ           43%        N/A       1%          3
d - Summon Guardian Gole  Hex/Summ       24%        N/A       3%          3
e - Summon Ice Beast      Ice/Summ       30%        N/A       4%          4
f - Summon Lightning Spi  Summ/Air       30%        N/A       4%          4

Your spell library contained the following spells:

 Spells                   Type           Power      Damage    Failure   Level
 Beastly Appendage        Tmut           8%         N/A       14%         1
 Magic Dart               Conj           16%        1d3       14%         1
 Blink                    Tloc           N/A        N/A       21%         2
 Slow                     Hex            4%         N/A       21%         2
 Wereblood                Tmut           4%         N/A       21%         2
 Mephitic Cloud           Conj/Pois/Air  9%         N/A       24%         3
 Conjure Flame            Conj/Fire      4%         6-21      38%         3
 Spider Form              Tmut/Pois      2%         N/A       38%         3
 Ice Form                 Ice/Tmut       11%        N/A       52%         4


Dungeon Overview and Level Annotations

Branches:
Dungeon (11/15)            Temple (0/1) D:5            Lair (0/6) D:8
    Orc (0/2) D:11        Ossuary (visited)          Bailey (visited)

Altars:
Cheibriados
Dithmenos
Elyvilon
Gozag
Kikubaaqudgha
Nemelex Xobeh
Okawaru
Ru
Sif Muna
Trog
Vehumet
Wu Jian
Yredelemnul

Shops:
D:3 =?((*

Annotations:
D:7 exclusion: hydra
D:10 1 runed translucent door, melvinkitnick's ghost, novice GnEE
D:11 exclusion: boulder beetle


Innate Abilities, Weirdness & Mutations

You are amphibious.
You cover ground slowly.
You can hop short distances.
You have an extended range of vision and can be seen from far away.


Message History

HP restored.
You start resting.
Magic restored.
Things that are here:
a +0 giant club; a +0 giant club A wraith comes into view.
A death knight and a phantasmal warrior come into view.
The death knight shouts!
A wraith comes into view.
The death knight offers itself to Yredelemnul, and fills with unholy energy.
A wraith comes into view.
An orc comes into view. It is wielding a +0 mace.
Unknown command.
An orc wizard comes into view. It is wielding a +0 dagger.
The phantasmal warrior blinks!
The phantasmal warrior blinks!
The phantasmal warrior hits you!!
The death knight's dark mirror aura disappears.
Your +3 flail of holy wrath stops glowing.
You hear the crackle of electricity.
a - a +2 whip of electrocution (weapon)
You hit the phantasmal warrior but do no damage.
Lightning courses through the phantasmal warrior!
The phantasmal warrior is moderately damaged.
The phantasmal warrior barely misses you.
Your +2 whip of electrocution stops crackling.
Your +3 flail of holy wrath softly glows with a divine radiance!
b - a +3 flail of holy wrath (weapon)
The phantasmal warrior hits you!
You hit the phantasmal warrior.
The phantasmal warrior convulses.
The phantasmal warrior is heavily damaged.
You block the phantasmal warrior's attack.
You thump the phantasmal warrior!
The phantasmal warrior convulses!
The phantasmal warrior is severely damaged.
The phantasmal warrior hits you!!
* * * LOW HITPOINT WARNING * * *
Your willpower is stripped away!
Unknown command.
The phantasmal warrior hits you!!
You die...

#.# #.# #.# #.# #.#
...#......# #.#
........... #######.#
.........###.......#
... ......#@#####.#
#..#.ยง...#W# #.# #.
##..#...#.#.# #.#
#..........#.#p# #.#
...W..##...#.#W#####.#
#......o...........).#
......###..#.#######.#
.o## ..W..#.# #.#
#.###.##.# #.#


You could see a death knight, a phantasmal warrior and a wraith.

Vanquished Creatures
  3 two-headed ogres
  3 yaks
  Sigmund (D:6)
  A wyvern (D:8)
  2 shadows
  A wraith (D:10)
  Menkaure (Ossuary)
  Edmund (D:4)
  A water moccasin (D:7)
  2 ice beasts
  An orc warrior (Bailey)
  A sky beast (D:6)
  2 ogres
  3 centaurs
  3 phantoms
  3 kobold brigands
  A bullfrog (D:8)
  A gnoll sergeant (D:6)
  3 scorpions
  2 troll zombies (D:11)
  2 nameless horrors
  3 howler monkeys
  3 centaur zombies
  A hound (D:6)
  A bullfrog skeleton (D:2)
  3 orc priests
  2 centaur skeletons
  4 orc wizards
  3 ogre zombies (D:11)
  4 mummies
  A howler monkey zombie (D:9)
  Robin (D:3)
  4 gnolls
  A howler monkey skeleton (D:6)
  2 adders
  A shadow imp (D:8)
  2 white imps (D:6)
  An ufetubus (D:7)
  An adder skeleton (D:4)
  A worm (D:2)
  3 dart slugs
  25 orcs
  2 bats (D:2)
  4 endoplasms
  A giant cockroach (D:3)
  A hobgoblin (D:2)
  A jackal (D:4)
  2 quokkas
  4 ball pythons
  4 frilled lizards
  A gnoll skeleton (Ossuary)
  2 gnoll zombies (Ossuary)
  7 goblins
  4 goblin skeletons
  7 goblin zombies
  4 hobgoblin skeletons (Ossuary)
  3 hobgoblin zombies
  10 kobolds
  A kobold skeleton (Ossuary)
  3 kobold zombies (Ossuary)
  6 orc skeletons (Ossuary)
  14 orc zombies
  5 rats
  2 rat skeletons (Ossuary)
  A rat zombie (Ossuary)
194 creatures vanquished.

Vanquished Creatures (collateral kills)
  2 two-headed ogres
  An orc knight (Bailey)
  Prince Ribbit (D:8)
  A meliai zombie (D:11)
  2 wraiths
  7 yaks
  A wyvern (D:11)
  A vampire mosquito (D:10)
  A water moccasin (D:8)
  4 orc warriors (Bailey)
  2 ogres
  3 ice beasts
  2 phantoms
  A water moccasin skeleton (D:4)
  A jelly (D:5)
  A howler monkey (D:5)
  A gnoll shaman (D:5)
  3 orc priests
  2 orc wizards
  Terence (D:2)
  2 iguanas
  8 gnolls
  3 adders
  A worm (D:4)
  A dart slug (D:1)
  9 orcs
  4 endoplasms
  A giant cockroach (D:4)
  2 gnoll zombies (Ossuary)
  9 goblins
  5 hobgoblins
  A jackal (D:4)
  A quokka (D:2)
  3 ball pythons
  A bat (D:2)
  2 frilled lizards (D:1)
  A goblin zombie (Ossuary)
  A hobgoblin skeleton (Ossuary)
  A hobgoblin zombie (Ossuary)
  11 kobolds
  2 kobold skeletons (Ossuary)
  A kobold zombie (Ossuary)
  3 orc skeletons (Ossuary)
  A rat (D:3)
  A rat zombie (Ossuary)
113 creatures vanquished.

Vanquished Creatures (others)
  An orc wizard (D:7)
  2 adder skeletons (D:4)
  4 orcs (D:4)
  A quokka (D:4)
  A goblin skeleton (Ossuary)
  A kobold zombie (Ossuary)
  A rat skeleton (Ossuary)
  A rat zombie (Ossuary)
  14 plants (D:4)
26 creatures vanquished.

Grand Total: 333 creatures vanquished

Notes
Turn   | Place    | Note
-------+----------+-------------------------------------------
     0 | D:1      | tilp the Barachi Summoner began the quest for the Orb.
     0 | D:1      | Reached XP level 1. HP: 13/13 MP: 3/3
    71 | D:1      | Reached skill level 1 in Fighting
   572 | D:1      | Reached XP level 2. HP: 21/22 MP: 0/5
   575 | D:1      | Learned a level 2 spell: Call Imp
  1151 | D:1      | Reached skill level 5 in Summonings
  1518 | D:1      | Reached XP level 3. HP: 22/27 MP: 1/6
  1748 | D:2      | Learned a level 3 spell: Call Canine Familiar
  1881 | D:2      | Noticed Terence
  1928 | D:2      | Killed Terence
  2276 | D:2      | Reached XP level 4. HP: 12/33 MP: 6/8
  2477 | D:2      | Reached skill level 6 in Summonings
  3007 | D:2      | Found a faded altar of an unknown god.
  3214 | D:3      | Noticed Robin
  3219 | D:3      | Killed Robin
  3427 | D:3      | Found Jeamafoy's Weapon Emporium.
  3562 | D:3      | Found Katek's Weapon Shop.
  3594 | D:3      | Found Agoblup's General Store.
  3639 | D:3      | Bought a scroll of teleportation for 30 gold pieces
  3799 | D:3      | Found Xacax's Magic Scroll Shoppe.
  3809 | D:3      | Bought a scroll of enchant armour for 82 gold pieces
  3849 | D:3      | Found Dianijod's Jewellery Shop.
  4078 | D:3      | Reached XP level 5. HP: 37/39 MP: 9/9
  4129 | D:4      | Noticed Edmund
  4376 | D:4      | Noticed a phantom
  5301 | D:3      | Killed a phantom
  5302 | D:3      | Reached XP level 6. HP: 30/47 MP: 0/10
  5434 | D:4      | Found an opulent altar of Gozag.
  5828 | D:4      | Noticed an orc warrior
  6513 | D:4      | Killed Edmund
  6514 | D:4      | Reached XP level 7. HP: 10/54 MP: 0/12
  6810 | D:4      | Found an iron altar of Okawaru.
  7241 | D:4      | Found a bloodstained altar of Trog.
  7270 | D:4      | Became a worshipper of Warmaster Okawaru
  7296 | D:5      | Entered Level 5 of the Dungeon
  7402 | D:5      | Found a staircase to the Ecumenical Temple.
  7839 | D:5      | Reached skill level 7 in Summonings
  7903 | D:5      | Noticed a yak
  7905 | D:5      | Reached * piety under Okawaru
  7906 | D:5      | Found an ornate altar of the Wu Jian Council.
  7906 | D:5      | Noticed a yak
  7942 | D:5      | Killed a yak
  7943 | D:5      | Reached skill level 8 in Summonings
  7943 | D:5      | Reached XP level 8. HP: 27/60 MP: 8/14
  8169 | D:5      | Noticed a yak
  8176 | D:5      | Noticed a yak
  8180 | D:5      | Killed a yak
  8192 | D:5      | Killed a yak
  8195 | D:5      | Killed a yak
  8982 | D:5      | Reached skill level 1 in Maces & Flails
  8982 | D:5      | Reached ** piety under Okawaru
  9077 | D:6      | Noticed Sigmund
  9340 | D:6      | Reached skill level 5 in Fighting
  9645 | D:6      | Reached XP level 9. HP: 60/69 MP: 10/15
 10069 | D:5      | Learned a level 3 spell: Summon Guardian Golem
 10074 | D:5      | Learned a level 4 spell: Summon Ice Beast
 10170 | D:6      | Reached skill level 9 in Summonings
 10527 | D:6      | Found an ancient bone altar of Kikubaaqudgha.
 10561 | D:6      | Killed Sigmund
 10962 | D:6      | Found a radiant altar of Vehumet.
 11542 | D:7      | Reached skill level 10 in Summonings
 11550 | D:7      | Reached skill level 1 in Shields
 11555 | D:7      | Reached *** piety under Okawaru
 11661 | D:7      | Found a sand-covered staircase.
 11702 | Ossuary  | Entered an ossuary
 12145 | Ossuary  | Noticed Menkaure
 12160 | Ossuary  | Killed Menkaure
 12247 | D:7      | Noticed a two-headed ogre
 12277 | D:7      | Killed a two-headed ogre
 12582 | D:7      | Noticed a five-headed hydra
 12762 | D:7      | Reached XP level 10. HP: 76/76 MP: 16/16
 12941 | D:7      | You are sucked into a shaft and drop 2 floors!
 12950 | D:9      | Reached **** piety under Okawaru
 13089 | D:8      | Noticed Prince Ribbit
 13312 | D:7      | Reached skill level 11 in Summonings
 13866 | D:8      | Found a white marble altar of Elyvilon.
 13948 | D:8      | Reached skill level 5 in Spellcasting
 14118 | D:8      | Found a basalt altar of Yredelemnul.
 14272 | D:8      | Found a shimmering blue altar of Sif Muna.
 14301 | D:8      | Found a staircase to the Lair.
 14620 | D:8      | Found a snail-covered altar of Cheibriados.
 14718 | D:8      | Found a shadowy altar of Dithmenos.
 14853 | D:8      | Killed Prince Ribbit
 14945 | D:8      | Learned a level 4 spell: Summon Lightning Spire
 15313 | D:9      | Noticed a two-headed ogre
 15321 | D:9      | Killed a two-headed ogre
 15321 | D:9      | Received a gift from Okawaru
 15322 | D:9      | Reached skill level 1 in Air Magic
 15506 | D:9      | Noticed a two-headed ogre
 15524 | D:9      | Killed a two-headed ogre
 15524 | D:9      | Reached ***** piety under Okawaru
 15525 | D:9      | Reached skill level 12 in Summonings
 15703 | D:9      | Found a sparkling altar of Nemelex Xobeh.
 15832 | D:10     | Entered Level 10 of the Dungeon
 16052 | D:10     | Noticed a two-headed ogre
 16060 | D:10     | Killed a two-headed ogre
 16396 | D:10     | Reached skill level 1 in Evocations
 16605 | D:10     | Noticed melvinkitnick's ghost (novice GnEE)
 16606 | D:10     | Found a runed translucent door.
 16845 | D:10     | Reached XP level 11. HP: 39/82 MP: 8/20
 17286 | D:11     | Found a flagged portal.
 17297 | D:11     | Identified the +3 pair of gloves of the Well-Known Ears
                  | {rPois rF+ Str-5 Dex+6} (Okawaru gifted it to you on level
                  | 11 of the Dungeon)
 17297 | D:11     | Received a gift from Okawaru
 17346 | Bailey   | Entered a bailey
 17642 | Bailey   | Noticed an orc knight
 17650 | Bailey   | Reached skill level 5 in Maces & Flails
 17668 | Bailey   | Killed an orc knight
 18189 | D:11     | Found a staircase to the Orcish Mines.
 18548 | D:11     | Noticed a boulder beetle
 18581 | D:11     | Found a sacrificial altar of Ru.
 18663 | D:11     | Noticed a two-headed ogre
 18664 | D:11     | Upgraded the game from 0.27-a0-1273-gec92ba881d to
                  | 0.27-a0-1278-g6cbc8dfb29
 18674 | D:11     | Killed a two-headed ogre
 18795 | D:11     | Noticed a death knight
 18795 | D:11     | Noticed a phantasmal warrior
 18811 | D:11     | Slain by a phantasmal warrior

Illustrated notes

Levels and vault maps discovered:
D:1:      dpeg_arrival_rooms_with_view, layout_rooms
D:2:      layout_loops_cross, chequers_ecumenical_altar_lobes, uniq_terence
D:3:      layout_basic, serial_shops, shop, shop_statue, shop, shop, shop,
          uniq_robin
D:4:      layout_basic, nicolae_gozag_cash_rules_everything_around_me,
          grunt_temple_overflow_bloody_war, serial_forest,
          infiniplex_forest_clump_long, infiniplex_forest_clump_C,
          infiniplex_forest_zigzag_1, infiniplex_forest_lined_2,
          infiniplex_forest_straight_2, infiniplex_forest_lined_room_2,
          lemuel_old_faithful, uniq_edmund
D:5:      layout_basic, lemuel_round_altar, minmay_temple_entry_junction
D:6:      layout_rooms, nicolae_overflow_hidden_temple, amcnicky_altar_gilded,
          amcnicky_mini_pool_medium, uniq_sigmund
D:7:      layout_loops_ring, gup_ossuary_entry_pyramid, amethyst_killhole,
          minmay_three_doors
D:8:      layout_basic, general_overflow_altar, kennysheep_little_box,
          overflow_temple_1_default, nicolae_dithmenos_through_a_glass_darkly,
          elyvilon_altar_3, lair_entry_dummy, minmay_unpleasant_kobolds,
          uniq_prince_ribbit1, uniq_psyche
D:9:      layout_roguey, lemuel_crystal_altar
D:10:     layout_grid_maze, hellmonk_ghost_happy_afterlife
D:11:     layout_basic, zombieorc1_lemuel, special_room [special_room_bee],
          enter_bailey_2, nicolae_ru_path_of_blood, uniq_josephine

Skill      XL: |  1  2  3  4  5  6  7  8  9 10 11 |
---------------+----------------------------------+-----
Fighting       | 1 2 3 4 5 6 7 |  7.7
Summonings     | 5 6 8 10 12 | 12.0
Spellcasting   | 3 4 6 |  6.0
Stealth        | 2 3 4 |  4.0
Dodging        | 3 4 |  4.0
Invocations    | 4 |  4.0
Maces & Flails | 3 4 6 |  6.0
Shields        | 4 |  4.0
Ice Magic      | 2 4 |  4.0
Air Magic      | 4 |  4.0
Evocations     | 4 |  4.0

Action                   |  1- 3 |  4- 6 |  7- 9 | 10-12 || total
-------------------------+-------+-------+-------+-------++-------
Melee: Unarmed           |    14 |       |       |       ||    14
       Short sword       |    71 |    59 |       |       ||   130
       Mace              |       |    77 |       |       ||    77
       Flail             |       |       |   269 |   167 ||   436
       Whip              |       |       |       |    98 ||    98
Throw: Dart              |       |     1 |       |       ||     1
 Cast: Summon Small Mamm |    16 |     2 |     2 |       ||    20
       Call Imp          |    29 |    55 |    60 |     9 ||   153
       Call Canine Famil |     1 |    15 |    40 |    13 ||    69
       Summon Ice Beast  |       |       |       |    30 ||    30
       Summon Lightning  |       |       |       |     4 ||     4
       Summon Guardian G |       |       |       |     1 ||     1
Invok: Heroism           |       |       |       |     3 ||     3
 Abil: Hop               |       |     4 |     3 |     1 ||     8
  Use: Scroll            |     3 |     5 |     7 |     6 ||    21
 Stab: Sleeping          |     1 |       |       |     4 ||     5
       Distracted        |       |     2 |     2 |     1 ||     5
Armor: Robe              |    13 |       |       |       ||    13
       Ring mail         |    24 |    79 |   112 |    74 ||   289
       Steam dragon scal |       |       |       |    32 ||    32
Dodge: Dodged            |    48 |   118 |   190 |   165 ||   521
Block: Buckler           |       |       |       |    61 ||    61

Table legend: (Time is in decaauts)
 A = Elapsed time spent in this place.
 B = Non-inter-level travel time spent in this place.
 C = Inter-level travel time spent in this place.
 D = Time resting spent in this place.
 E = Time spent auto-exploring this place.
 F = Levels seen in this place.
 G = Mean time per level.
                   A        B        C        D        E       F      G
               +--------+--------+--------+--------+--------+-----+--------+
         Total |  20547 |  19503 |   1044 |   6060 |   9702 |  13 | 1580.5 |
       Dungeon |  19156 |  18112 |   1044 |   5693 |   9246 |  11 | 1741.5 |
       Ossuary |    563 |    563 |      0 |     26 |    335 |   1 |  563.0 |
        Bailey |    828 |    828 |      0 |    341 |    119 |   1 |  828.0 |
               +--------+--------+--------+--------+--------+-----+--------+

Top non-repeatable levels by time:
     D:5: 2898 daAuts
     D:4: 2497 daAuts
     D:3: 2046 daAuts
     D:1: 1810 daAuts
     D:7: 1723 daAuts
     D:6: 1682 daAuts
     D:2: 1576 daAuts
    D:10: 1482 daAuts
     D:8: 1417 daAuts
     D:9: 1216 daAuts
  Bailey: 828 daAuts
    D:11: 803 daAuts
 Ossuary: 563 daAuts
